 Dungeon Crawl Stone Soup version 0.28-a0-1567-g1695149f81 (webtiles) character file.

Game seed: 529402562083871544

201 croobank the Insei (level 5, 0/35 HPs)
             Began as an Octopode Transmuter on Jan 19, 2022.
             Slain by a hobgoblin (3 damage)
             ... while paralysed by Ijyb
             ... on level 4 of the Dungeon.
             The game lasted 00:15:51 (4447 turns).

croobank the Insei (Octopode Transmuter)            Turns: 4447, Time: 00:15:51

Health: 0/35       AC:  1    Str:  9    XL:     5   Next: 79%
Magic:  9/9        EV:  2    Int: 17    God:
Gold:   155        SH:  0    Dex: 13    Spells: 0/9 levels left

rFire   . . .      SeeInvis .   g - +0 short sword
rCold   . . .      Faith    .   (no shield)
rNeg    . . .      Spirit   .   (helmet restricted)
rPois   .          Reflect  .   (no amulet)
rElec   .          Harm     .   a - +4 ring of evasion
rCorr   .          Rampage  .   (no ring)
Will    .....                   (no ring)
Stlth   ++........              (no ring)
HPRegen 0.11/turn               (no ring)
MPRegen 0.11/turn               (no ring)
                                (no ring)
                                (no ring)

@: paralysed
A: almost no armour, amphibious, 8 rings, camouflage 1, gelatinous body 1,
(nimble swimmer 1), tentacles
a: no special abilities


You were on level 4 of the Dungeon.
You visited 1 branch of the dungeon, and saw 4 of its levels.

You collected 155 gold pieces.

Inventory:

Hand Weapons
 g - a +0 short sword (weapon)
Missiles
 b - 55 arrows
 c - 139 stones
 f - 5 curare-tipped darts
 j - 12 bolts
 n - 16 sling bullets
Armour
 m - a +0 buckler
Magical Staves
 e - a staff of death
Jewellery
 a - a +4 ring of evasion (left tentacle)
 i - an amulet of faith
Scrolls
 l - a scroll of teleportation {unknown}
 o - a scroll of blinking
Potions
 k - 2 potions of curing
 p - a potion of might {unknown}
 q - a potion of flight {unknown}


   Skills:
 + Level 2.4 Fighting
 + Level 1.8 Short Blades
 + Level 3.1 Dodging
 - Level 3.1 Unarmed Combat
 - Level 2.8 Spellcasting
 + Level 0.5 Conjurations
 + Level 0.4 Hexes
 - Level 2.9 Transmutations


You couldn't memorise any spells.
You knew the following spells:

 Your Spells              Type           Power      Damage    Failure   Level
a - Beastly Appendage     Tmut           24%        N/A       5%          1
b - Wereblood             Tmut           12%        N/A       8%          2
c - Fulminant Prism       Conj/Hex       2%         3d6       82%         4
d - Searing Ray           Conj           8%         2d4       22%         2

Your spell library contained the following spells:

 Spells                   Type           Power      Damage    Failure   Level
 Magic Dart               Conj           16%        1d3       14%         1
 Spider Form              Tmut/Pois      7%         N/A       28%         3
 Ice Form                 Ice/Tmut       7%         N/A       67%         4


Dungeon Overview and Level Annotations

Branches:
Dungeon (4/15)
 Temple: D:4-7

Altars:
Wu Jian

Shops:
D:1 =   D:3 [

Annotations:
D:4 Ijyb


Innate Abilities, Weirdness & Mutations

You cannot wear most types of armour.
You are amphibious.
You can wear up to eight rings at the same time.
Your skin changes colour to match your surroundings (Stealth+).
Your rubbery body absorbs attacks. (AC +1, EV +1)
((You are camouflaged when in or above water. (Stealth+)))
You have tentacles for arms and can constrict up to eight enemies at once.


Message History

You suddenly lose the ability to move!
You lose your grip on Ijyb.
A giant cockroach comes into view.
The dart slug bites you. Ijyb barely misses you.
Ijyb zaps a wand.
You shrug off the repeated paralysis!
You can move again.
You closely miss Ijyb. Your grab misses Ijyb. Your squeeze misses Ijyb.
Ijyb is heavily wounded.
The dart slug bites you. Ijyb closely misses you.
You barely miss Ijyb. You grab Ijyb.
You pierce Ijyb, but do no damage.
You squeeze Ijyb.
Ijyb is heavily wounded.
You constrict Ijyb. The dart slug misses you. Ijyb screams, "I no like you!"
Ijyb struggles to escape constriction.
You hit Ijyb.
You pierce Ijyb, but do no damage.
Ijyb is severely wounded.
You constrict Ijyb. Ijyb barely misses you.
The dart slug launches a dart at you. The slug dart hits you.
You hit Ijyb.
Ijyb is almost dead.
You constrict Ijyb, but do no damage.
The hobgoblin hits you but does no damage.
Ijyb zaps a wand.
You suddenly lose the ability to move!
You lose your grip on Ijyb.
Your tentacle spike disappears.
The giant cockroach bites you. The hobgoblin hits you.
The dart slug launches a dart at you. The slug dart hits you.
Ijyb hits you with a +0 club.
The giant cockroach completely misses you.
The hobgoblin hits you.
* * * LOW HITPOINT WARNING * * *
The dart slug bites you.
* * * LOW HITPOINT WARNING * * *
Ijyb screams, "No!
No, no, no, no!"
Ijyb hits you with a +0 club.
* * * LOW HITPOINT WARNING * * *
The giant cockroach bites you but does no damage.
The hobgoblin hits you.
You die...

. . .#
#####.#
##.....#
......#..
#.g......
#@g....#
#wB.<.$#
#.?....#
#........
#......#.
#####..#
[## #


You could see Ijyb, a dart slug, a giant cockroach and a hobgoblin.

Vanquished Creatures
  A scorpion (D:2)
  An orc priest (D:3)
  A howler monkey zombie (D:3)
  2 adders (D:2)
  A worm (D:2)
  A dart slug (D:1)
  9 orcs
  12 endoplasms
  3 goblins
  9 hobgoblins
  2 quokkas (D:2)
  7 ball pythons
  6 bats
  3 frilled lizards
  3 kobolds
  9 rats
70 creatures vanquished.

Notes
Turn   | Place    | Note
-------+----------+-------------------------------------------
     0 | D:1      | croobank the Octopode Transmuter began the quest for the
                  | Orb.
     0 | D:1      | Reached XP level 1. HP: 13/13 MP: 3/3
   519 | D:1      | Reached XP level 2. HP: 18/18 MP: 3/5
   559 | D:1      | Learned a level 2 spell: Wereblood
  1051 | D:1      | Found Osuagori's One-of-a-Kind Rings.
  1174 | D:1      | Reached XP level 3. HP: 11/23 MP: 4/6
  1437 | D:1      | Found a faded altar of an unknown god.
  1708 | D:2      | Noticed a scorpion
  1728 | D:2      | Killed a scorpion
  1729 | D:2      | Reached skill level 1 in Short Blades
  1729 | D:2      | Reached XP level 4. HP: 7/29 MP: 4/7
  2526 | D:2      | Reached XP level 5. HP: 34/34 MP: 7/9
  3367 | D:3      | Learned a level 4 spell: Fulminant Prism
  3438 | D:3      | Found Odotiacwi's Antique Armour Boutique.
  3513 | D:3      | Found an ornate altar of the Wu Jian Council.
  3646 | D:3      | Learned a level 2 spell: Searing Ray
  3826 | D:3      | HP: 1/34 [orc (6)]
  4433 | D:4      | Noticed Ijyb
  4438 | D:4      | Paralysed by Ijyb for 3 turns
  4444 | D:4      | Paralysed by Ijyb for 4 turns
  4447 | D:4      | Slain by a hobgoblin

Illustrated notes

Levels and vault maps discovered:
D:1:      eino_arrival_druids_welcome, layout_loops_corners,
          hellmonk_ecumenical_altar_lost_god, nicolae_shop_unique_rings
D:2:      layout_basic
D:3:      layout_rooms, mainiacjoe_overflow_paths, serial_shops, shop,
          hangedman_decor_growths
D:4:      layout_rooms, minmay_temple_entry_water_ring,
          nicolae_ossuary_entry_ruins, dk_vineyard_2, minmay_ruined_shrine,
          uniq_ijyb

Skill      XL: |  1  2  3  4  5 |
---------------+----------------+-----
Short Blades   | 1 |  1.8
Fighting       | 2 |  2.4
Dodging        | 3 |  3.1
Unarmed Combat | |  3.1
Spellcasting   | |  2.8
Conjurations   | |  0.5
Hexes          | |  0.4
Transmutations | |  2.9

Action                   |  1- 3 |  4- 6 || total
-------------------------+-------+-------++-------
Melee: Unarmed           |    31 |       ||    31
       Constrict         |    17 |    29 ||    46
       Tentacles         |    15 |    20 ||    35
       Kick              |    10 |    37 ||    47
       Short sword       |    33 |   101 ||   134
       Punch             |     1 |     3 ||     4
 Cast: Beastly Appendage |    19 |    28 ||    47
       Wereblood         |     1 |     3 ||     4
  Use: Scroll            |       |     4 ||     4
 Stab: Sleeping          |     3 |     8 ||    11
Armor: Skin              |     2 |     3 ||     5
Dodge: Dodged            |    48 |    60 ||   108

Table legend: (Time is in decaauts)
 A = Elapsed time spent in this place.
 B = Non-inter-level travel time spent in this place.
 C = Inter-level travel time spent in this place.
 D = Time resting spent in this place.
 E = Time spent auto-exploring this place.
 F = Levels seen in this place.
 G = Mean time per level.
                   A        B        C        D        E       F      G
               +--------+--------+--------+--------+--------+-----+--------+
         Total |   4450 |   4372 |     78 |   1198 |   2290 |   4 | 1112.5 |
       Dungeon |   4450 |   4372 |     78 |   1198 |   2290 |   4 | 1112.5 |
               +--------+--------+--------+--------+--------+-----+--------+

Top non-repeatable levels by time:
     D:2: 1726 daAuts
     D:1: 1670 daAuts
     D:3: 1040 daAuts
     D:4: 13 daAuts
